 Dungeon Crawl Stone Soup version 0.30.0-29-ga12c61a403 (webtiles) character file.

Game seed: 1067182392339737440

1675 ces the Skirmisher (level 8, -5/111 HPs)
             Began as a Minotaur Hunter on June 25, 2023.
             Was an Initiate of Gozag.
             Slain by a two-headed ogre
             ... wielding a +0 dire flail
              (11 damage)
             ... on level 6 of the Dungeon.
             The game lasted 00:10:49 (4361 turns).

ces the Skirmisher (Minotaur Hunter)                Turns: 4361, Time: 00:10:49

Health: -5/111     AC: 24    Str: 18    XL:     8   Next: 70%
Magic:  7/7        EV:  2    Int:  6    God:    Gozag
Gold:   151        SH:  0    Dex: 14    Spells: 7/7 levels left

rFire   . . .        a - +1 hand axe (heavy)
rCold   . . .        (no shield)
rNeg    . . .        c - melded +0 leather armour
rPois   +            (helmet currently unavailable)
rElec   .            (cloak currently unavailable)
rCorr   .            (gloves currently unavailable)
SInv    .            (boots currently unavailable)
Will    .....        (no amulet)
Stlth   ++           (no ring)
HPRegen 0.38/turn    (no ring)
MPRegen 0.10/turn

%: no passive effects
@: tree-form
A: stationary, stasis, torment immunity, boosted hp, (horns 2), (retaliatory
headbutt)
a: Renounce Religion, Potion Petition, Call Merchant, Bribe Branch


You were on level 6 of the Dungeon.
You worshipped Gozag.
Gozag was aware of your devotion.
You were a tree.
You visited 2 branches of the dungeon, and saw 8 of its levels.

You collected 190 gold pieces.
You paid 39 gold pieces to Gozag.

Inventory:

Hand Weapons
 a - a +1 heavy hand axe (weapon)
 p - a +0 shortbow
Armour
 c - a +0 leather armour (melded)
Jewellery
 e - a +6 ring of dexterity
 h - an amulet of reflection
Wands
 n - a wand of flame (16)
Scrolls
 b - a scroll of immolation
 m - a scroll of vulnerability
 o - 3 scrolls of fog {unknown}
 q - a scroll of magic mapping {unknown}
Potions
 g - 5 potions of curing {unknown}
 i - 2 potions of flight
 j - 3 potions of degeneration {unknown}
 k - 4 potions of haste {unknown}


   Skills:
 - Level 8.1 Fighting
 * Level 7.5 Axes
 - Level 12.6 Ranged Weapons
 + Level 5.5 Armour
 - Level 8.8 Dodging
 - Level 0.8 Stealth


You had 7 spell levels left.
You didn't know any spells.
Your spell library contained the following spells:

 Spells                   Type           Power      Damage    Failure   Level
 Magic Dart               Conj           0%         1d3       45%         1
 Shock                    Conj/Air       0%         1d3       45%         1
 Searing Ray              Conj           0%         2d4       58%         2
 Swiftness                Air            0%         N/A       83%         3
 Airstrike                Air            0%         2d(0-16)  99%         4
 Fulminant Prism          Conj/Hex       0%         3d5       99%         4


Dungeon Overview and Level Annotations

Branches:
Dungeon (7/15)             Temple (1/1) D:4

Altars:
Ashenzari
Cheibriados
Dithmenos
Elyvilon
Fedhas
Gozag
Hepliaklqana
Kikubaaqudgha
Makhleb
Qazlal
Sif Muna
Trog
Uskayaw
Vehumet
Xom
Yredelemnul
Zin
The Shining One

Annotations:
D:5 Dowan, Duvessa


Innate Abilities, Weirdness & Mutations

You are a tree.
Your roots penetrate the ground, keeping you stationary.
You cannot be teleported.
You are immune to unholy pain and torment.
Your maximum health is greatly increased.
Your equipment is partially melded.
((You have a pair of horns on your head.))
((You reflexively headbutt those who attack you in melee.))


Message History

(D) Dungeon (T) Temple
Where to? (Enter - D:6 @ (x,y), ? - help)
What level of the Dungeon? (default 1, ? - help)
You see here a +0 dagger.
There is a stone staircase leading down here.
You climb downwards.
The two-headed ogre misses you.
The two-headed ogre hits you with a +0 giant spiked club!!
The centaur shoots an arrow.
The arrow hits you.
There is a stone staircase leading up, spattered with blood here.
The centaur shoots an arrow.
The arrow hits you!
The two-headed ogre hits you with a +0 dire flail!
* * * LOW HITPOINT WARNING * * *
The two-headed ogre misses you.
The centaur shoots an arrow.
The arrow closely misses you.
You climb upwards.
There is a stone staircase leading down here.
You feel much better.
The two-headed ogre hits you with a +0 dire flail!!
* * * LOW HITPOINT WARNING * * *
The two-headed ogre hits you with a +0 giant spiked club!
* * * LOW HITPOINT WARNING * * *
Really quaff the potion of lignification?
You turn into a tree.
Your +0 leather armour melds into your body.
Your roots penetrate the ground.
You feel much better.
The two-headed ogre hits you with a +0 dire flail!
* * * LOW HITPOINT WARNING * * *
The two-headed ogre hits you but does no damage.
You are too injured to fight recklessly!
You slash the two-headed ogre!
The two-headed ogre is moderately wounded.
The two-headed ogre hits you but does no damage.
The two-headed ogre hits you with a +0 giant spiked club!
* * * LOW HITPOINT WARNING * * *
You hit the two-headed ogre.
The two-headed ogre is moderately wounded.
The two-headed ogre hits you with a +0 dire flail!
You die...
Your body crumbles into a pile of gold.

..........# #........##
..........# ####...##.#
..<.......# ##.......#
..........## #..##...###
.#.........# #.........#
.##........# #........##
.######....# ##......##
#### ##...###.O...###
.#.#####........♣####
...............####.#
[...............#.#.###
......................##
.......................#
.....................###
....................##
.....#.#.............#
....####...........>.#


You could see a two-headed ogre.

Vanquished Creatures
  An ice beast (D:6)
  A scorpion (D:4)
  A wight (D:4)
  A hound (D:6)
  2 jellies
  2 orc priests (D:6)
  A sleepcap (D:6)
  An orc wizard (D:3)
  5 adders
  3 worms (D:2)
  2 dart slugs
  19 orcs
  A bat skeleton (D:2)
  5 endoplasms
  A giant cockroach (D:2)
  5 goblins
  5 hobgoblins
  8 jackals (D:2)
  6 quokkas
  4 ball pythons
  4 bats
  2 frilled lizards
  7 kobolds
  4 rats
91 creatures vanquished.

Notes
Turn   | Place    | Note
-------+----------+-------------------------------------------
     0 | D:1      | ces the Minotaur Hunter began the quest for the Orb.
     0 | D:1      | Reached XP level 1. HP: 18/18 MP: 0/0
   216 | D:1      | Reached XP level 2. HP: 23/25 MP: 1/1
   299 | D:1      | Reached skill level 5 in Ranged Weapons
   780 | D:2      | Reached XP level 3. HP: 19/30 MP: 2/2
   978 | D:2      | Reached skill level 1 in Armour
  1398 | D:2      | Reached XP level 4. HP: 37/37 MP: 3/3
  1414 | D:2      | Found a snail-covered altar of Cheibriados.
  1629 | D:2      | Reached skill level 6 in Ranged Weapons
  2041 | D:3      | Reached XP level 5. HP: 43/45 MP: 4/4
  2456 | D:4      | Reached skill level 7 in Ranged Weapons
  2649 | D:4      | Reached XP level 6. HP: 49/51 MP: 5/5
  2696 | D:4      | Found a staircase to the Ecumenical Temple.
  2748 | Temple   | Entered the Ecumenical Temple
  2876 | Temple   | Became a worshipper of Gozag Ym Sagoz the Greedy
  2880 | Temple   | Reached skill level 12 in Ranged Weapons
  2880 | Temple   | Reached XP level 7. HP: 68/68 MP: 6/6
  2901 | D:5      | Entered Level 5 of the Dungeon
  2937 | D:5      | Noticed Duvessa
  2939 | D:5      | Noticed Dowan
  4104 | D:7      | Noticed a two-headed ogre
  4319 | D:6      | Reached skill level 5 in Armour
  4319 | D:6      | Reached XP level 8. HP: 74/74 MP: 7/7
  4357 | D:6      | HP: 3/74 [two-headed ogre/+0 dire flail (12)]
  4361 | D:6      | Slain by a two-headed ogre

Illustrated notes

Levels and vault maps discovered:
D:1:      dpeg_arrival_morbid_curiosity, layout_basic, minmay_misc_feat_pillars
D:2:      layout_loops_corners, basic_altar, serial_undead, serial_undead_e,
          serial_undead_b, serial_undead_b, serial_undead_a
D:3:      layout_loops_ring, nicolae_ecumenical_lake_church, uniq_sigmund
D:4:      layout_basic, minmay_temple_entry_ruins, chequers_garden
D:5:      layout_cave_pods, dreamdust_gnoll_farm, uniq_pikel, uniq_duvessa,
          uniq_menkaure
D:6:      layout_cave_pools
D:7:      layout_basic, amethyst_overflow_temple_binary,
          nicolae_ru_sacrificial_ziggurat
Temple:   nicolae_temple_two_arcs

Skill      XL: |  1  2  3  4  5  6  7 |
---------------+----------------------+-----
Ranged Weapons | 5 6 7 12 | 12.6
Armour         | 1 5 |  5.5
Fighting       | 3 8 |  8.1
Dodging        | 7 8 |  8.8
Axes           | 7 |  7.5
Stealth        | |  0.8

Action                     |  1- 3 |  4- 6 |  7- 9 || total
---------------------------+-------+-------+-------++-------
  Melee: Unarmed           |     3 |     5 |       ||     8
         Headbutt          |       |     1 |       ||     1
         Hand axe          |       |       |     2 ||     2
   Fire: Shortbow          |   132 |    90 |    75 ||   297
    Use: Scroll            |     2 |     3 |     3 ||     8
         Potion            |     1 |     3 |     4 ||     8
 Armour: Leather armour    |    11 |     4 |     2 ||    17
         Skin              |       |       |     2 ||     2
  Dodge: Dodged            |    43 |    22 |    29 ||    94
